 Dungeon Crawl Stone Soup version 0.17-a0-1927-g319369b (webtiles) character file.

285 Japsu the Gusty (level 6, -1/37 HPs)
             Began as a High Elf Air Elementalist on Sept 29, 2015.
             Was an Initiate of Qazlal.
             Slain by a quokka (3 damage)
             ... summoned by Eustachio
             ... on level 4 of the Dungeon.
             The game lasted 00:50:18 (4317 turns).

Japsu the Gusty (High Elf Air Elementalist)         Turns: 4317, Time: 00:50:18

Health: -1/37      AC:  2    Str:  7      XL:     6   Next: 7%
Magic:  8/12       EV: 13    Int: 20      God:    Qazlal [......]
Gold:   199        SH:  0    Dex: 16 (17) Spells: 4 memorised, 4 levels left

rFire  . . .     SeeInvis .     s - +0 rapier
rCold  . . .     Clarity  .     l - +0 robe
rNeg   . . .     SustAt   .     (no shield)
rPois  .         Gourm    .     (no helmet)
rElec  .         Spirit   .     (no cloak)
rCorr  .         Warding  .     (no gloves)
rMut   .         Stasis   .     (no boots)
MR     .....                    (no amulet)
Stlth  ++........               (no ring)
                                (no ring)

@: very slightly contaminated, repel missiles, not resistant to hostile
enchantments, unstealthy
A: no striking features
a: Renounce Religion


You were on level 4 of the Dungeon.
You worshipped Qazlal.
Qazlal was noncommittal.
You were hungry.

You visited 2 branches of the dungeon, and saw 5 of its levels.

You collected 199 gold pieces.

Inventory:

Hand weapons
 f - a +1 short sword
 s - a +0 rapier (weapon)
Missiles
 e - 48 arrows
 h - 17 arrows of flame
 t - 8 poisoned bolts
Armour
 a - a +0 robe
 k - a +0 robe
 l - a +0 robe (worn)
 o - a +0 robe
 p - a +0 leather armour
 q - a +2 scale mail of poison resistance
Scrolls
 g - a scroll of magic mapping
 i - 5 scrolls of identify
 u - a scroll of noise {unknown}
 v - a scroll of amnesia {unknown}
 x - a scroll of remove curse {unknown}
Potions
 c - a potion of brilliance
 r - a potion of magic
 w - a potion of resistance {unknown}
Books
 b - a book of Air

   Spells                             Type                      Level
   a - Shock                          Conjuration/Air              1
   b - Swiftness                      Charms/Air                   2
   c - Repel Missiles                 Charms/Air                   2
   d - Static Discharge               Conjuration/Air              3
   e - Lightning Bolt                 Conjuration/Air              5
Comestibles
 d - 2 beef jerkies
 j - a slice of pizza
 m - 2 fruits
 n - 2 bread rations


   Skills:
 + Level 0.4 Fighting
 * Level 2.1 Short Blades
 * Level 3.1 Dodging
 + Level 2.3 Stealth
 + Level 3.9 Spellcasting
 + Level 2.9 Conjurations
 * Level 2.0 Charms
 + Level 5.0 Air Magic


You had 4 spell levels left.
You knew the following spells:

 Your Spells              Type           Power        Failure   Level  Hunger
a - Shock                 Conj/Air       ###.         2%          1    None
b - Repel Missiles        Chrm/Air       ###...       4%          2    ##.....
c - Swiftness             Chrm/Air       ###.....     4%          2    ##.....
d - Static Discharge      Conj/Air       ###.....     10%         3    ###....


Dungeon Overview and Level Annotations

Branches:
Dungeon (4/15)             Temple (1/1) D:4

Altars:
Cheibriados
Dithmenos
Fedhas
Gozag
Makhleb
Qazlal
Ru
Sif Muna
Xom
Yredelemnul
Zin
The Shining One

Annotations:
D:2 Natasha
D:4 Eustachio


Message History

Eustachio is heavily wounded.
Eustachio casts a spell.
Eustachio blinks!
Casting: Shock
Confirm with . or Enter, or press ? or * to list all spells.
Aiming: Shock
Press: ? - help, Shift-Dir - straight line, f/p - Eustachio
Aim: Eustachio, wielding a rapier of draining and wearing a leather armour (heavily wounded)
You miscast Shock.
Nothing appears to happen.
Eustachio gestures wildly while chanting.
Eustachio casts a spell.
Eustachio blinks!
The rat barely misses you. The rat barely misses you.
Eustachio gestures wildly while chanting.
Eustachio says, "My allies will avenge me."
The quokka bites you.
* * * LOW HITPOINT WARNING * * *
There is an open door here.
The quokka bites you.
You die...

(# #.#.# ## ###รท###
#....5# ###.###5# #
##.'.'r#@+ .
#..#.###.# #
###.>#..r.b#
##########....###r###
................@...#
...# ##.......####
##.# ###...### ##.#
#...# ##.# ##.## ##.#
#.## ##.# #..# ##.#
##.# ...# #.#


You could see Eustachio, a quasit, a river rat, a shadow imp, a quokka, a bat
and a rat.

Vanquished Creatures
  An orc priest (D:3)
  A hound (D:4)
  Jessica (D:3)
  Terence (D:3)
  An orc wizard (D:3)
  Natasha (D:2)
  4 adders
  An adder skeleton (D:4)
  11 orcs
  4 ball pythons
  5 bats
  4 giant cockroaches
  6 hobgoblins
  2 quokkas
  4 giant geckos (D:3)
  2 giant newts (D:3)
  13 goblins
  5 kobolds
  8 rats
75 creatures vanquished.

Notes
Turn   | Place    | Note
--------------------------------------------------------------
     0 | D:1      | Japsu the High Elf Air Elementalist began the quest for the Orb.
     0 | D:1      | Reached XP level 1. HP: 11/11 MP: 4/4
   214 | D:1      | Reached skill level 4 in Air Magic
   326 | D:1      | Reached XP level 2. HP: 17/17 MP: 3/6
   657 | D:1      | Learned a level 2 spell: Repel Missiles
   660 | D:1      | Learned a level 2 spell: Swiftness
  1155 | D:2      | Reached XP level 3. HP: 14/21 MP: 1/8
  1684 | D:2      | Noticed Natasha
  1690 | D:2      | Killed Natasha
  1690 | D:2      | Reached skill level 1 in Short Blades
  1690 | D:2      | Reached XP level 4. HP: 27/27 MP: 1/9
  1697 | D:2      | Noticed Natasha
  2068 | D:2      | Learned a level 3 spell: Static Discharge
  2268 | D:3      | Noticed Jessica
  2271 | D:3      | Killed Jessica
  2271 | D:3      | Reached skill level 1 in Charms
  2277 | D:3      | Found a faded altar to an unknown god.
  2293 | D:3      | Became a worshipper of Ru the Awakened
  2323 | D:3      | Fell from the grace of Ru
  2334 | D:3      | Reached XP level 5. HP: 31/31 MP: 2/11
  2440 | D:3      | Reached skill level 5 in Air Magic
  3256 | D:3      | Noticed Terence
  3318 | D:3      | Killed Terence
  3741 | D:4      | Reached XP level 6. HP: 35/37 MP: 7/12
  3909 | D:4      | Found a staircase to the Ecumenical Temple.
  3921 | Temple   | Entered the Ecumenical Temple
  3983 | Temple   | Became a worshipper of Sif Muna the Loreminder
  3999 | Temple   | Fell from the grace of Sif Muna
  3999 | Temple   | Became a worshipper of Qazlal Stormbringer
  4249 | D:4      | Noticed Eustachio
  4317 | D:4      | Slain by a quokka

Vault maps used:
D:1:      sevenhm_arrival_forest_fort_large_1
D:2:      first_bread, minivault_25, uniq_natasha
D:3:      kennysheep_six_static_rooms, ecumenical_altar_2, uniq_terence,
          uniq_jessica
D:4:      minmay_temple_entry_glassed_door, uniq_eustachio
Temple:   circular_temple_pool_12

Action                   |  1- 3 |  4- 6 || total
-------------------------+-------+-------++-------
Melee: Short sword       |       |    10 ||    10
       Rapier            |       |     2 ||     2
 Cast: Shock             |    68 |   117 ||   185
       Static Discharge  |       |     6 ||     6
       Repel Missiles    |       |     1 ||     1
       Swiftness         |       |     1 ||     1
Invok: Renounce Religion |       |     1 ||     1
  Use: Scroll            |     5 |       ||     5
       Potion            |     2 |     4 ||     6
  Eat: Bread ration      |     1 |     1 ||     2
       Fruit             |       |     2 ||     2
